MLB
MINNESOTA TWINS @ CHICAGO WHITE SOX
07/09/2098
 
TOP OF THE 1ST
Minnesota Twins batting - Pitching for Chicago White Sox : RHP Garrett Bohannan
Pitching: RHP Garrett Bohannan
Batting: SHB Dan Mayes 0-0: Called Strike
0-1: Ball
1-1: Foul Ball, location: 7LSFF
1-2: Foul Ball, location: 7LDF
1-2: Foul Ball, location: 2RF
1-2: Ball
2-2: Fly out, F7 (Flyball, 7LS, EV 97.5 MPH)
Batting: SHB Jim Whitlock 0-0: TRIPLE (Line Drive, 89XD, EV 103.1 MPH)
Batting: SHB William Maki 0-0: Foul Ball, location: 9LSFF
0-1: Ball
1-1: Ball
2-1: Foul Ball, location: 3F
2-2: Ball
3-2: Strikes out looking
Batting: RHB Bill Widby 0-0: Ground out 4-3 (Groundball, 4S, EV 86.3 MPH)
Top of the 1st over - 0 runs, 1 hit, 0 errors, 1 left on base; Minnesota 0 - Chicago 0
BOTTOM OF THE 1ST
Chicago White Sox batting - Pitching for Minnesota Twins : RHP Orlando Basurto
Pitching: RHP Orlando Basurto
Batting: RHB Greg Bates 0-0: Ball
1-0: Ball
2-0: Called Strike
2-1: Called Strike
2-2: Foul Ball, location: 25F
2-2: Ball
3-2: Base on Balls
Batting: RHB Travis De Angelis 0-0: Ball
1-0: Foul Ball, location: 5FF
1-1: Fly out, F8 (Flyball, 8RM, EV 96.9 MPH)
Batting: LHB Dan Roos 0-0: Ball
1-0: Fly out, F7 (Flyball, 7LM, EV 106.3 MPH)
Batting: LHB Tim Eaton 0-0: Called Strike
Greg Bates steals 2nd base
0-1: Foul Ball, location: 5FF
0-2: Strikes out swinging
Bottom of the 1st over - 0 runs, 0 hits, 0 errors, 1 left on base; Minnesota 0 - Chicago 0
TOP OF THE 2ND
Minnesota Twins batting - Pitching for Chicago White Sox : RHP Garrett Bohannan
Batting: LHB Emilio Gonzales 0-0: Ball
1-0: Swinging Strike
1-1: Ball
2-1: Foul Ball, location: 7LSF
2-2: Strikes out swinging
Batting: RHB Joe Looby 0-0: Called Strike
0-1: Ball
1-1: Foul Ball, location: 2F
1-2: Strikes out swinging
Batting: LHB Jay Molteni 0-0: Ball
1-0: Called Strike
1-1: Called Strike
1-2: Foul Ball, location: 9LMF
1-2: Strikes out looking
Top of the 2nd over - 0 runs, 0 hits, 0 errors, 0 left on base; Minnesota 0 - Chicago 0
BOTTOM OF THE 2ND
Chicago White Sox batting - Pitching for Minnesota Twins : RHP Orlando Basurto
Batting: RHB Joey Aimone 0-0: Ball
1-0: Called Strike
1-1: Foul Ball, location: 2F
1-2: Ball
2-2: Ground out 4-3 (Groundball, 4, EV 85.6 MPH)
Batting: RHB Luis Marquina 0-0: Foul Ball, location: 25FF
0-1: Foul Ball, location: 23F
0-2: Foul Ball, location: 9LDF
0-2: Strikes out swinging
Batting: RHB Cory Gilmore 0-0: Ball
1-0: Ball
2-0: Foul Ball, location: 7LDF
2-1: Ball
3-1: SINGLE (Flyball, 5D, EV 89.4 MPH)
Batting: RHB Chris Hodges 0-0: Ball
1-0: Swinging Strike
1-1: Foul Ball, location: 23FF
1-2: Ball
2-2: Strikes out looking
Bottom of the 2nd over - 0 runs, 1 hit, 0 errors, 1 left on base; Minnesota 0 - Chicago 0
TOP OF THE 3RD
Minnesota Twins batting - Pitching for Chicago White Sox : RHP Garrett Bohannan
Batting: RHB Chris Ward 0-0: Ball
1-0: Ball
2-0: Ball
3-0: Called Strike
3-1: SINGLE (Line Drive, 9LS, EV 88.1 MPH)
Batting: LHB Chris Armstrong 0-0: Ball
1-0: Called Strike
1-1: Foul Ball, location: 2F
1-2: Foul Ball, location: 2F
1-2: Ball
2-2: Ball
3-2: Foul Ball, location: 7LSF
3-2: Foul Ball, location: 2F
3-2: Foul Ball, location: 2F
3-2: Strikes out looking
Batting: SHB Dan Mayes 0-0: Ball
1-0: Ball
2-0: Ball
3-0: Called Strike
3-1: Fielders Choice at 2nd, 4-6 (Groundball, 4, EV 83.8 MPH)
Batting: SHB Jim Whitlock 0-0: Ball
1-0: Called Strike
1-1: Swinging Strike
1-2: Strikes out looking
Top of the 3rd over - 0 runs, 1 hit, 0 errors, 1 left on base; Minnesota 0 - Chicago 0
BOTTOM OF THE 3RD
Chicago White Sox batting - Pitching for Minnesota Twins : RHP Orlando Basurto
Batting: RHB Vinny Figueroa 0-0: DOUBLE (Line Drive, 9LM, EV 103.1 MPH)
Batting: RHB Greg Bates 0-0: Swinging Strike
0-1: Foul Ball, location: 2F
0-2: Ball
1-2: Ball
2-2: Strikes out looking
Batting: RHB Travis De Angelis 0-0: Called Strike
0-1: Swinging Strike
0-2: Ball
1-2: Foul Ball, location: 5F
1-2: Ball
2-2: Strikes out looking
Batting: LHB Dan Roos 0-0: Swinging Strike
0-1: Ball
1-1: 2-RUN HOME RUN (Flyball, 89XD, EV 95.0 MPH), Distance : 382 ft
Batting: LHB Tim Eaton 0-0: Swinging Strike
0-1: Ball
1-1: Swinging Strike
1-2: Ball
2-2: Foul Ball, location: 2F
2-2: Strikes out swinging
Bottom of the 3rd over - 2 runs, 2 hits, 0 errors, 0 left on base; Minnesota 0 - Chicago 2
TOP OF THE 4TH
Minnesota Twins batting - Pitching for Chicago White Sox : RHP Garrett Bohannan
Batting: SHB William Maki 0-0: Foul Ball, location: 9LMF
0-1: Swinging Strike
0-2: Ball
1-2: Foul Ball, location: 9LSF
1-2: Ball
2-2: Ball
3-2: Fly out, F3 (Line Drive, 3, EV 61.3 MPH)
Batting: RHB Bill Widby 0-0: Swinging Strike
0-1: Ball
1-1: Ball
2-1: Ball
3-1: Swinging Strike
3-2: Base on Balls
Batting: LHB Emilio Gonzales 0-0: Ball
1-0: Called Strike
1-1: Foul Ball, location: 5SF
1-2: Fly out, F9 (Flyball, 89S, EV 96.9 MPH)
Batting: RHB Joe Looby 0-0: SINGLE (Groundball, 6D, EV 98.8 MPH)
Bill Widby to second
Runner from 2nd tries for 3rd, SAFE, no throw by LF
Batting: LHB Jay Molteni 0-0: Called Strike
Pickoff Throw by Catcher to First - Out!
Top of the 4th over - 0 runs, 1 hit, 0 errors, 1 left on base; Minnesota 0 - Chicago 2
BOTTOM OF THE 4TH
Chicago White Sox batting - Pitching for Minnesota Twins : RHP Orlando Basurto
Batting: RHB Joey Aimone 0-0: Called Strike
0-1: Ball
1-1: Ground out 5-3 (Groundball, 56, EV 85.6 MPH)
Batting: RHB Luis Marquina 0-0: Foul Ball, location: 2F
0-1: Ball
1-1: Fly out, F7 (Flyball, 78M, EV 76.3 MPH)
Batting: RHB Cory Gilmore 0-0: Ball
1-0: Swinging Strike
1-1: Ground out 4-3 (Groundball, 4, EV 100.6 MPH)
Bottom of the 4th over - 0 runs, 0 hits, 0 errors, 0 left on base; Minnesota 0 - Chicago 2
TOP OF THE 5TH
Minnesota Twins batting - Pitching for Chicago White Sox : RHP Garrett Bohannan
Batting: LHB Jay Molteni 0-0: Ball
1-0: SINGLE (Line Drive, 8RS, EV 86.9 MPH)
Batting: RHB Chris Ward 0-0: Called Strike
0-1: Called Strike
0-2: Foul Ball, location: 9LDF
0-2: Ball
1-2: Ball
2-2: Foul Ball, location: 2F
2-2: Strikes out looking
Batting: LHB Chris Armstrong 0-0: Ball
1-0: Foul Ball, location: 7LMF
1-1: Foul Ball, location: 3F
1-2: Ball
2-2: Foul Ball, location: 2F
2-2: Foul Ball, location: 25F
2-2: Grounds into double play, 5-4-3 (Groundball, 56, EV 82.5 MPH)
Top of the 5th over - 0 runs, 1 hit, 0 errors, 0 left on base; Minnesota 0 - Chicago 2
BOTTOM OF THE 5TH
Chicago White Sox batting - Pitching for Minnesota Twins : RHP Orlando Basurto
Batting: RHB Chris Hodges 0-0: Ball
1-0: Called Strike
1-1: Fly out, F7 (Flyball, 78M, EV 93.8 MPH)
Batting: RHB Vinny Figueroa 0-0: Ball
1-0: Foul Ball, location: 2F
1-1: Foul Ball, location: 25F
1-2: Foul Ball, location: 2F
1-2: Ball
2-2: SINGLE (Line Drive, 4MD, EV 101.9 MPH)
Batting: RHB Greg Bates 0-0: Ball
1-0: Ball
2-0: Ball
3-0: Base on Balls
Vinny Figueroa to second
Batting: RHB Travis De Angelis 0-0: Foul Ball, location: 23F
0-1: Ground out 6-3 (Groundball, 6M, EV 110.0 MPH)
Vinny Figueroa to third
Greg Bates to second
Batting: LHB Dan Roos 0-0: Called Strike
0-1: Foul Ball, location: 3FF
0-2: Strikes out swinging
Bottom of the 5th over - 0 runs, 1 hit, 0 errors, 2 left on base; Minnesota 0 - Chicago 2
TOP OF THE 6TH
Minnesota Twins batting - Pitching for Chicago White Sox : RHP Garrett Bohannan
Pitching: LHP Carlos Castro
Batting: SHB Dan Mayes 0-0: DOUBLE (Groundball, 5L, EV 98.8 MPH)
Batting: SHB Jim Whitlock 0-0: Ball
1-0: Called Strike
1-1: Foul Ball, location: 2F
1-2: Foul Ball, location: 2F
1-2: Ball
2-2: Foul Ball, location: 9LMF
2-2: Ground out 3-1 (Groundball, 34S, EV 65.0 MPH)
Dan Mayes to third
Batting: SHB William Maki 0-0: Ground out 5-3 (Groundball, 56, EV 91.3 MPH)
Dan Mayes scores
Batting: RHB Bill Widby 0-0: Called Strike
0-1: Called Strike
0-2: SINGLE (Line Drive, 6D, EV 100.6 MPH)
Batting: LHB Emilio Gonzales 0-0: Called Strike
0-1: Called Strike
0-2: Ball
1-2: Foul Ball, location: 3FF
1-2: SINGLE (Line Drive, 89S, EV 100.0 MPH)
Bill Widby to second
Runner from 2nd tries for 3rd, OUT! 8-5
Top of the 6th over - 1 run, 3 hits, 0 errors, 1 left on base; Minnesota 1 - Chicago 2
BOTTOM OF THE 6TH
Chicago White Sox batting - Pitching for Minnesota Twins : RHP Orlando Basurto
Batting: LHB Tim Eaton 0-0: Foul Ball, location: 5SF
0-1: Called Strike
0-2: Ground out U3 (Groundball, 3, EV 63.8 MPH)
Batting: RHB Joey Aimone 0-0: Ball
1-0: Ball
2-0: SOLO HOME RUN (Flyball, 89XD, EV 110.0 MPH), Distance : 427 ft
Batting: RHB Luis Marquina 0-0: Ball
1-0: Foul Ball, location: 2F
1-1: Ball
2-1: Foul Ball, location: 2F
2-2: Ball
3-2: Strikes out swinging
Batting: RHB Cory Gilmore 0-0: Ball
1-0: Ball
2-0: Called Strike
2-1: Ground out U3 (Groundball, 3, EV 84.4 MPH)
Bottom of the 6th over - 1 run, 1 hit, 0 errors, 0 left on base; Minnesota 1 - Chicago 3
TOP OF THE 7TH
Minnesota Twins batting - Pitching for Chicago White Sox : LHP Carlos Castro
Batting: RHB Joe Looby 0-0: Foul Ball, location: 2F
0-1: Ball
1-1: Fly out, F8 (Flyball, 78D, EV 90.0 MPH)
Batting: LHB Jay Molteni 0-0: Swinging Strike
0-1: Ball
1-1: Foul Ball, location: 2F
1-2: Ball
2-2: Foul Ball, location: 9LSF
2-2: Fly out, F7 (Flyball, 7LSF, EV 95.6 MPH)
Batting: RHB Chris Ward 0-0: Fly out, F8 (Flyball, 89D, EV 110.0 MPH)
Top of the 7th over - 0 runs, 0 hits, 0 errors, 0 left on base; Minnesota 1 - Chicago 3
BOTTOM OF THE 7TH
Chicago White Sox batting - Pitching for Minnesota Twins : RHP Orlando Basurto
Batting: RHB Chris Hodges 0-0: Ground out 5-3 (Groundball, 56, EV 90.6 MPH)
Batting: RHB Vinny Figueroa 0-0: Foul Ball, location: 3SF
0-1: Foul Ball, location: 9LSF
0-2: Ball
1-2: Foul Ball, location: 9LSF
1-2: Fly out, F4 (Line Drive, 4, EV 72.5 MPH)
Pitching: LHP Jeff Downing
Batting: RHB Greg Bates 0-0: Fly out, F8 (Flyball, 8RXD, EV 97.5 MPH)
Bottom of the 7th over - 0 runs, 0 hits, 0 errors, 0 left on base; Minnesota 1 - Chicago 3
TOP OF THE 8TH
Minnesota Twins batting - Pitching for Chicago White Sox : LHP Carlos Castro
Pitching: RHP Matthew Emerson
Batting: LHB Chris Armstrong 0-0: Foul Ball, location: 23F
0-1: Called Strike
0-2: Ball
1-2: Ball
2-2: Strikes out swinging
Batting: SHB Dan Mayes 0-0: Ball
1-0: Swinging Strike
1-1: Foul Ball, location: 2F
1-2: Strikes out swinging
Batting: SHB Jim Whitlock 0-0: Ball
1-0: Called Strike
1-1: Swinging Strike
1-2: Ball
2-2: SINGLE (Groundball, 6S, EV 67.5 MPH) (infield hit)
Batting: SHB William Maki 0-0: Ball
1-0: Swinging Strike
1-1: Ball
2-1: Swinging Strike
2-2: Strikes out swinging
Top of the 8th over - 0 runs, 1 hit, 0 errors, 1 left on base; Minnesota 1 - Chicago 3
BOTTOM OF THE 8TH
Chicago White Sox batting - Pitching for Minnesota Twins : LHP Jeff Downing
Batting: RHB Travis De Angelis 0-0: Called Strike
0-1: Ball
1-1: Ground out 1-3 (Groundball, 34S, EV 74.4 MPH)
Batting: LHB Dan Roos 0-0: Swinging Strike
0-1: SOLO HOME RUN (Flyball, 9D, EV 106.9 MPH), Distance : 383 ft
Batting: LHB Tim Eaton 0-0: Ground out 5-3 (Groundball, 56S, EV 76.9 MPH)
Batting: RHB Joey Aimone 0-0: DOUBLE (Flyball, 78XD, EV 83.8 MPH)
Batting: RHB Luis Marquina 0-0: Foul Ball, location: 7LMF
0-1: Ball
1-1: Ball
2-1: SINGLE (Line Drive, 4MD, EV 101.9 MPH)
Joey Aimone to third
Runner from 3rd tries for Home, SAFE, throw by CF to home
Batting: RHB Cory Gilmore 0-0: Foul Ball, location: 2F
0-1: Fly out, F8 (Flyball, 78D, EV 86.3 MPH)
Bottom of the 8th over - 2 runs, 3 hits, 0 errors, 1 left on base; Minnesota 1 - Chicago 5
TOP OF THE 9TH
Minnesota Twins batting - Pitching for Chicago White Sox : RHP Matthew Emerson
Batting: RHB Bill Widby 0-0: Called Strike
0-1: Swinging Strike
0-2: Strikes out swinging
Batting: LHB Emilio Gonzales 0-0: Foul Ball, location: 7LDF
0-1: Ball
1-1: Called Strike
1-2: Ball
2-2: Strikes out swinging
Batting: RHB Joe Looby 0-0: Ball
1-0: Foul Ball, location: 2F
1-1: Ball
2-1: Swinging Strike
2-2: Foul Ball, location: 9LSF
2-2: Ball
3-2: Foul Ball, location: 2RF
3-2: Fly out, F9 (Flyball, 9, EV 94.4 MPH)
Top of the 9th over - 0 runs, 0 hits, 0 errors, 0 left on base; Minnesota 1 - Chicago 5
Tuesday, April 9th , 2024 - OOTP Baseball 24.11 Build 85